 Dungeon Crawl Stone Soup version 0.26.1-2-gb8aa6d0cf2 (webtiles) character file.

Game seed: 16359862675461923928

153 sking99 the Chopper (level 5, 0/49 HPs)
             Began as a Palentonga Fighter on Feb 20, 2021.
             Killed from afar by an orc wizard (5 damage)
             ... with a magic dart
             ... on level 3 of the Dungeon.
             The game lasted 00:03:51 (2661 turns).

sking99 the Chopper (Palentonga Fighter)            Turns: 2661, Time: 00:03:52

Health: 0/49       AC:  7    Str: 21    XL:     5   Next: 12%
Magic:  5/5        EV:  3    Int:  8    God:
Gold:   212        SH:  9    Dex:  9    Spells: 4/4 levels left

rFire    . . .     SeeInvis +   a - +0 war axe
rCold    . . .     Faith    .   c - +0 kite shield
rNeg     . . .     Spirit   .   f - +0 chain mail
rPois    .         Reflect  .   (no helmet)
rElec    .         Harm     .   (no cloak)
rCorr    .         Rampage  .   (no gloves)
Will     .....                  (no barding)
Stlth    ..........             (no amulet)
HPRegen  0.16/turn              (no ring)
MPRegen  0.09/turn              (no ring)

@: no status effects
A: large, rugged brown scales 3, see invisible, deformed body, roll 1, armoured
tail
a: Rolling Charge


You were on level 3 of the Dungeon.
You visited 1 branch of the dungeon, and saw 3 of its levels.

You collected 212 gold pieces.

Inventory:

Hand Weapons
 a - a +0 war axe (weapon)
Armour
 c - a +0 kite shield (worn)
 f - a +0 chain mail (worn)
Jewellery
 i - a +6 ring of strength {unknown}
 n - an uncursed ring of ice {unknown}
Scrolls
 b - a scroll of remove curse {unknown}
 g - 9 scrolls of identify {unknown}
 h - 4 scrolls of magic mapping {unknown}
 j - a scroll of amnesia {unknown}
 l - a scroll of teleportation {unknown}
 o - 2 scrolls of enchant weapon {unknown}
 p - a scroll of noise {unknown}
Potions
 d - a potion of might
 e - 2 potions of flight {unknown}
 k - a potion of attraction {unknown}
 m - a potion of invisibility {unknown}


   Skills:
 + Level 3.8 Fighting
 * Level 4.0 Axes
 - Level 2.4 Armour
 + Level 3.2 Shields


You had 4 spell levels left.
You didn't know any spells.
Your spell library was empty.

Dungeon Overview and Level Annotations

Branches:
Dungeon (3/15)

Altars:


Innate Abilities, Weirdness & Mutations

You are completely covered in rugged brown scales. (AC +3, +7% HP)
You have supernaturally acute eyesight. (SInv)
Armour fits poorly on your strangely shaped body.
You can roll at nearby foes to attack.
You have a long armoured tail.


Message History

You closely miss the orc. The orc hits you with a +0 club.
Your shield and chain mail prevent you from hitting the orc.
The orc hits you but does no damage.
You hit the orc.
The orc is severely wounded.
The orc hits you but does no damage. The orc hits you with a +0 club.
The orc priest calls upon Beogh to heal the orc.
The orc's wounds heal themselves!
The orc wizard casts a spell.
The orc wizard blinks!
The orc priest roars to no one in particular.
The orc priest mumbles some strange prayers to Beogh against you.
Beogh smites you!
You see here an adder skeleton.
The orc priest calls down the wrath of Beogh upon you.
Beogh smites you!
* * * LOW HITPOINT WARNING * * *
The orc wizard gestures at you while chanting.
The magic dart hits you.
You die...

##.....######.#####...#
#.....# #.# #...#
#.....######o# #####
#.....#......#
#.....#....o.#
#.........(..#
#............#
####.......#.#..#
#.........@o.o).#######
##)###.#'#..#.#.>......#####
#.).<#.#.#.......###........
#....#.#.#####.#.# #........
#.†..#.#.#...#.#.# #........
#...##.#.....#.#.# #.)......
#......###.#...#.######..###
#...#### #.#.##.....####†###
#####.###
#.#.##.............


You could see an orc priest, an orc wizard (fast) and 2 orcs.

Vanquished Creatures
  A hound (D:3)
  A gnoll (D:1)
  3 adders (D:3)
  An ooze (D:2)
  2 worms
  5 dart slugs
  3 leopard geckos
  3 orcs (D:3)
  2 giant cockroaches (D:3)
  6 goblins
  8 hobgoblins
  4 kobolds
  A quokka (D:2)
  9 bats
  A frilled lizard (D:2)
  12 rats
62 creatures vanquished.

Notes
Turn   | Place    | Note
-------+----------+-------------------------------------------
     0 | D:1      | sking99 the Palentonga Fighter began the quest for the Orb.
     0 | D:1      | Reached XP level 1. HP: 20/20 MP: 1/1
   183 | D:1      | Reached XP level 2. HP: 27/27 MP: 2/2
   402 | D:1      | Reached XP level 3. HP: 33/33 MP: 3/3
   780 | D:2      | Reached skill level 3 in Axes
  1297 | D:2      | Reached XP level 4. HP: 40/40 MP: 4/4
  2491 | D:3      | Reached XP level 5. HP: 41/49 MP: 5/5
  2540 | D:3      | Reached skill level 4 in Axes
  2661 | D:3      | Killed from afar by an orc wizard

Illustrated notes

Levels and vault maps discovered:
D:1:      dpeg_arrival_pits, layout_loops_ring, minmay_pentomino_u4
D:2:      layout_loops_corners
D:3:      layout_basic, serial_glass, glass_columns_a, glass_columns_a,
          minmay_quantized

Skill      XL: |  1  2  3  4  5 |
---------------+----------------+-----
Axes           | 3 4 |  4.0
Shields        | 3 |  3.2
Fighting       | |  3.8
Armour         | |  2.4

Action                   |  1- 3 |  4- 6 || total
-------------------------+-------+-------++-------
Melee: War axe           |    85 |    91 ||   176
       Tailslap          |     8 |     6 ||    14
 Abil: Rolling Charge    |     4 |     6 ||    10
Armor: Scale mail        |     8 |       ||     8
       Chain mail        |    40 |    64 ||   104
Dodge: Dodged            |    12 |    17 ||    29
Block: Kite shield       |    33 |    63 ||    96
